 Dungeon Crawl Stone Soup version 0.31-a0-233-g139696dc86 (webtiles) character file.

Game seed: 10118984841183276978

137 qw the Shooter (level 5, -1/30 HPs)
             Began as a Gargoyle Hexslinger on July 8, 2023.
             Slain by Crazy Yiuf
             ... wielding a +2 quarterstaff of chaos
              (5 damage)
             ... on level 3 of the Dungeon.
             The game lasted 00:00:55 (2875 turns).

qw the Shooter (Gargoyle Hexslinger)                Turns: 2875, Time: 00:00:55

Health: -1/30      AC: 13    Str: 12    XL:     5   Next: 20%
Magic:  6/6        EV: 10    Int: 13    God:
Gold:   145        SH:  0    Dex: 14    Spells: 5/6 levels left

rFire   . . .        Y - +1 sling
rCold   . . .        (no shield)
rNeg    + . .        h - +3 ring mail {rPois}
rPois   inf          d - +0 helmet
rElec   +            (no cloak)
rCorr   .            (no gloves)
SInv    .            (no boots)
Will    .....        (no amulet)
Stlth   +            (no ring)
HPRegen 0.25/turn    (no ring)
MPRegen 0.10/turn

%: no passive effects
@: no status effects
A: sickness immunity, AC +4, negative energy resistance 1, electricity
resistance, torment resistance 1, petrification resistance
a: no special abilities


You were on level 3 of the Dungeon.
You visited 1 branch of the dungeon, and saw 4 of its levels.

You collected 145 gold pieces.


Innate Abilities, Weirdness & Mutations

You are immune to sickness and miasma.
Your stone body is resilient. (AC +4)
You are immune to poison.
You resist negative energy. (rN+)
You are resistant to electric shocks. (rElec)
You are resistant to unholy torment.
You are immune to petrification.


   Skills:
 - Level 2.0 Fighting
 + Level 4.7 Ranged Weapons
 - Level 1.2 Armour
 - Level 1.5 Dodging
 - Level 1.0 Spellcasting
 - Level 2.6 Hexes


You had 5 spell levels left.
You knew the following spells:

 Your Spells              Type           Power      Damage    Failure   Level
a - Slow                  Hex            28%        N/A       22%         1

Your spell library contained the following spells:

 Spells                   Type           Power      Damage    Failure   Level
 Inner Flame              Hex/Fire       4%         N/A       73%         3
 Portal Projectile        Hex/Tloc       8%         N/A       73%         3
 Cause Fear               Hex            3%         N/A       91%         4

Inventory:

Hand Weapons
 Y - a +1 sling (weapon)
Armour
 d - a +0 helmet (worn)
 h - a +3 ring mail of poison resistance (worn)
Potions
 f - a potion of curing
 g - a potion of berserk rage {unknown}
 i - a potion of might

Dungeon Overview and Level Annotations

Branches:
Dungeon (4/15)
 Temple: D:4-7

Altars:

Annotations:
D:3 1 runed translucent door, Crazy Yiuf


Message History

The hound barely misses you. The hound misses you.
The goblin barely misses you.
The ogre hits you with a +0 giant spiked club!
2871 ||| READING scroll of teleportation.
As you read the scroll of teleportation, it crumbles to dust.
You feel strangely unstable. The hound bites you but does no damage.
The goblin barely misses you. The hound bites you but does no damage.
You shoot a sling bullet.
The sling bullet hits the ogre but does no damage.
The ogre is almost dead.
The ogre closely misses you. The hound bites you but does no damage.
The goblin closely misses you.
You shoot a sling bullet.
The sling bullet hits the ogre but does no damage.
The ogre is almost dead.
Your surroundings suddenly seem different.
Crazy Yiuf closely misses you.
Enter note:
Enter note:
Enter note:
Enter note:
Enter note:
Enter note:
Enter note:
Enter note:
Enter note:
Enter note:
Enter note:
Enter note:
Enter note:
Enter note:
Enter note: You shoot a sling bullet.
The sling bullet hits Crazy Yiuf but does no damage.
Crazy Yiuf whimpers, "Mama!"
Crazy Yiuf closely misses you.
You shoot a sling bullet. The sling bullet hits Crazy Yiuf.
Crazy Yiuf is lightly wounded.
Crazy Yiuf hits you with a +2 quarterstaff of chaos.
You die...

#### #.###
7PPP.7
#######....#
...# #.#
7.P.77
#.......##.#
#.## #.#
77.77
###.###.##..
#.# #.# 7.77
#>....##.#
#.# #.# 77.7
#.###....#
#.######.###
7.77 #.#
#.##.#
#..........#
77.7
###.###.##..
########.#.#
##+##
#.....#.##.#
# #.#.#
#g@.#
###.#.#.##.#
########.#.#
#...#
#.#<#.....
.........###
#..)#
###.###.....
..........)#
#####
#.........##
##########.#
###.###.###
...........#
###
#.......#
######.#.#.#
#.#
#########
#.#.#.# #.#
#.#.#.# #.#


You could see Crazy Yiuf.

Vanquished Creatures
  An orc wizard (D:3)
  6 adders
  A shadow imp (D:4)
  A worm (D:3)
  3 orcs (D:3)
  4 bats
  4 endoplasms
  A giant cockroach (D:2)
  5 goblins
  A hobgoblin (D:3)
  4 jackals (D:3)
  6 kobolds
  A quokka (D:1)
  2 ball pythons
  3 frilled lizards (D:1)
  5 rats
48 creatures vanquished.

Notes
Turn   | Place    | Note
-------+----------+-------------------------------------------
     0 | D:1      | qw the Gargoyle Hexslinger began the quest for the Orb.
     0 | D:1      | Reached XP level 1. HP: 12/12 MP: 2/2
     0 | D:1      | 0 ||| qw: Version: 0.3-a-46-gb1f654a
     0 | D:1      | 0 ||| qw: Game counter: 3370
     0 | D:1      | 0 ||| qw: Melee chars always use a shield: true
     0 | D:1      | 0 ||| qw: God list: Okawaru
     0 | D:1      | 0 ||| qw: Allow faded altars: false
     0 | D:1      | 0 ||| qw: Do Orc after clearing Dungeon:15 true
     0 | D:1      | 0 ||| qw: Do second Lair branch before Depths: true
     0 | D:1      | 0 ||| qw: Lair rune preference: random
     0 | D:1      | 0 ||| qw: Goals: Normal
     0 | D:1      | 0 ||| PLANNING D:1-11
   236 | D:1      | Reached XP level 2. HP: 15/16 MP: 3/3
   434 | D:1      | Reached skill level 3 in Ranged Weapons
   667 | D:1      | 667 ||| UPGRADING to +0 helmet.
   672 | D:1      | 672 ||| READING scroll labelled KUMOIC ENITIHA.
   673 | D:1      | 673 ||| READING scroll labelled VIRHUIL KEUXISE.
   674 | D:1      | 674 ||| READING scroll labelled ARGHEN KUZEFAEL.
   685 | D:1      | 685 ||| READING scroll labelled APTOSEFEUS.
   688 | D:1      | 688 ||| DROPPING scroll of poison.
   774 | D:2      | Reached XP level 3. HP: 16/21 MP: 4/4
   965 | D:2      | Identified the +0 leather armour of the Barnacle {rF- rCorr
                  | Str+6}
  1281 | D:2      | Found a faded altar of an unknown god.
  1463 | D:2      | 1463 ||| UPGRADING to +0 leather armour of the Barnacle
                  | {rF- rCorr Str+6}.
  1473 | D:2      | 1473 ||| DROPPING +0 robe.
  1474 | D:2      | 1474 ||| UPGRADING to +3 ring mail of poison resistance.
  1484 | D:2      | 1484 ||| DROPPING +0 leather armour of the Barnacle {rF-
                  | rCorr Str+6}.
  1485 | D:2      | 1485 ||| READING scroll labelled QOOGGI FARIRCH.
  1486 | D:2      | 1486 ||| READING scroll labelled BISEFI BEEHUIS.
  1487 | D:2      | 1487 ||| DRINKING 2 bubbling blue potions.
  1623 | D:3      | Found a runed translucent door.
  1624 | D:3      | Noticed Crazy Yiuf
  1719 | D:3      | Reached skill level 1 in Armour
  1722 | D:3      | Reached XP level 4. HP: 26/26 MP: 5/5
  1736 | D:3      | Reached skill level 4 in Ranged Weapons
  1995 | D:3      | 1995 ||| FLEEEEING.
  2023 | D:3      | 2023 ||| FLEEEEING.
  2024 | D:3      | 2024 ||| FLEEEEING.
  2046 | D:3      | Identified the +1 dagger "Gelew" {heavy, Drain rElec rPois
                  | rCorr}
  2138 | D:3      | Reached XP level 5. HP: 30/30 MP: 6/6
  2647 | D:3      | 2647 ||| READING scroll labelled XAYSTI BOOMNI.
  2648 | D:3      | 2648 ||| DRINKING 2 murky sapphire potions.
  2679 | D:4      | 2679 ||| STAIRDANCE
  2784 | D:4      | Noticed an ogre
  2787 | D:4      | 2787 ||| STAIRDANCE
  2862 | D:4      | 2862 ||| STAIRDANCE
  2870 | D:3      | HP: 2/30 [ogre/+0 giant spiked club (8)]
  2871 | D:3      | 2871 ||| READING scroll of teleportation.
  2875 | D:3      | Slain by Crazy Yiuf

Levels and vault maps discovered:
D:1:      evilmike_arrival_rings, layout_loops_ring, reono_crystal_passage
D:2:      layout_basic, dreamdust_ecumenical_altar_grove,
          chequers_serial_rivers_micro_d, minivault_23
D:3:      layout_basic, minmay_diced_spiral, uniq_crazy_yiuf_cottage
D:4:      layout_basic, nicolae_tso_swordbearing_angel, jmf_multi_god_temple2,
          serial_demonic, serial_demonic_d, serial_demonic_a, serial_demonic_f,
          serial_demonic_f, serial_demonic_c, serial_demonic_g

Skill      XL: |  1  2  3  4 |
---------------+-------------+-----
Ranged Weapons | 3 4 |  4.7
Fighting       | 2 |  2.0
Armour         | 1 |  1.2
Dodging        | |  1.5
Spellcasting   | |  1.0
Hexes          | |  2.6

Action                     |  1- 3 |  4- 6 || total
---------------------------+-------+-------++-------
   Fire: Sling             |   114 |    98 ||   212
    Use: Scroll            |     6 |     2 ||     8
         Potion            |     1 |     1 ||     2
 Armour: Robe              |    20 |       ||    20
         Ring mail         |     6 |    54 ||    60
  Dodge: Dodged            |    55 |    63 ||   118

Table legend:
 A = Non-vault XP
 B = Vault XP
 C = Vault XP percentage of total XP
 D = Non-vault monster count
 E = Vault monster count
 F = Vault count percentage of total count
                 A         B        C        D         E       F
            +---------+---------+-------+---------+---------+-------
      Total |     164 |      32 |  16.3 |      42 |       6 |  12.5
            +---------+---------+-------+---------+---------+-------
        D:1 |      20 |       0 |   0.0 |      14 |       0 |   0.0
        D:2 |      39 |       0 |   0.0 |       9 |       0 |   0.0
        D:3 |     105 |      21 |  16.7 |      19 |       5 |  20.8
        D:4 |       0 |      11 | 100.0 |       0 |       1 | 100.0
            +---------+---------+-------+---------+---------+-------
